 Dungeon Crawl Stone Soup version 0.31.0-11-ge490571c62 (webtiles) character file.

Game seed: 17493076583019357641

263 Gadfly the Ducker (level 5, 0/41 HPs)
             Began as a Demonspawn Monk on Jan 28, 2024.
             Slain by a wyvern (12 damage)
             ... on level 4 of the Dungeon.
             The game lasted 00:05:43 (2940 turns).

Gadfly the Ducker (Demonspawn Monk)                 Turns: 2940, Time: 00:05:43

Health: 0/41       AC:  3    Str: 13    XL:     5   Next: 97%
Magic:  5/5        EV: 13    Int: 10    God:
Gold:   226        SH:  4    Dex: 16    Spells: 4/4 levels left

rFire   . . .        b - +2 dagger (venom)
rCold   . . .        c - orb {light}
rNeg    + . .        a - +0 robe
rPois   .            (helmet restricted)
rElec   .            (no cloak)
rCorr   +            j - +0 pair of gloves
SInv    .            (no boots)
Will    .....        (no amulet)
Stlth   +            f - ring of resist corrosion
HPRegen 0.26/turn    k - ring of positive energy
MPRegen 0.09/turn

%: no passive effects
@: glowing
A: hooves 2, horns 1, condensation shield
a: no special abilities


You were on level 4 of the Dungeon.
You visited 1 branch of the dungeon, and saw 4 of its levels.

You collected 226 gold pieces.

Inventory:

Hand Weapons
 b - a +2 dagger of venom (weapon)
Armour
 a - a +0 robe (worn)
 c - an orb of light (worn)
 j - a +0 pair of gloves (worn)
Jewellery
 f - a ring of resist corrosion (left hand)
 k - a ring of positive energy (right hand)
Scrolls
 e - 5 scrolls of identify
 g - 4 scrolls of teleportation
 i - 2 scrolls of revelation
 l - a scroll of blinking
Potions
 d - a potion of ambrosia
 h - 2 potions of cancellation
 m - 2 potions of heal wounds {unknown}


   Skills:
 - Level 3.0 Fighting
 + Level 3.4 Dodging
 + Level 3.4 Unarmed Combat
 * Level 3.3 Evocations
 * Level 2.5 Shapeshifting


You had 4 spell levels left.
You didn't know any spells.
Your spell library contained the following spells:

 Spells                   Type           Power      Damage    Failure   Level
 Freeze                   Ice            0%         1d3       36%         1
 Dazzling Flash           Conj/Hex       0%         N/A       75%         3
 Frozen Ramparts          Ice            0%         1d1       75%         3
 Hailstorm                Conj/Ice       0%         3d5       75%         3
 Volatile Blastmotes      Fire/Tloc      0%         2d10      75%         3
 Leda's Liquefaction      Alch/Erth      0%         N/A       98%         4
 Petrify                  Alch/Erth      0%         N/A       98%         4
 Metabolic Englaciation   Hex/Ice        0%         N/A       100%        5
 Starburst                Conj/Fire      0%         6d3       100%        6
 Maxwell's Capacitive Co  Air            0%         ∞         100%        8


Dungeon Overview and Level Annotations

Branches:
Dungeon (4/15)
 Temple: D:4-7

Altars:


Innate Abilities, Weirdness & Mutations

You have hoof-like feet.
You have a pair of small horns on your head.
A meltable shield of frost defends you. (SH +4)


Message History

A wyvern comes into view.
A wyvern is nearby!
The wyvern hisses angrily.
You hear a shout!
You hit the wyvern.
The wyvern is poisoned.
Your kick misses the wyvern.
The wyvern is lightly wounded.
The wyvern barely misses you.
You barely miss the wyvern.
The wyvern is lightly wounded.
The wyvern bites you! The wyvern closely misses you.
An orc comes into view. It is wielding a +0 falchion.
The orc shouts!
You hit the wyvern but do no damage.
The wyvern looks as sick as possible!
You kick the wyvern, but do no damage.
The wyvern is lightly wounded.
You hear an angry hiss.
The wyvern bites you!
* * * LOW HITPOINT WARNING * * *
You are too injured to fight recklessly!
You are too injured to fight recklessly!
You are too injured to fight recklessly!
You are too injured to fight recklessly!
You are too injured to fight recklessly!
You are too injured to fight recklessly!
You are too injured to fight recklessly!
You are too injured to fight recklessly!
You are too injured to fight recklessly!
You are too injured to fight recklessly!
You are too injured to fight recklessly!
You are too injured to fight recklessly!
You are too injured to fight recklessly!
You are too injured to fight recklessly!
Unknown command.
The wyvern attacks as it pursues you! The wyvern closely misses you.
The wyvern attacks as it pursues you! The wyvern barely misses you. x2
An iguana comes into view.
You hit the wyvern but do no damage.
The wyvern looks as sick as possible!
You kick the wyvern!
The wyvern is severely wounded.
The wyvern bites you!
You die...

##.#### ##.#..# ## #.
...... ..l #. ....##..###
.... .... ##### # #..# ..#
...# # #$#..##..# ###.####
.#.##.#.o#...# #.....##
.........k#..# ###.#.#.##
#######..#@#.# ..........
.............## ###.#.#.##
######.......)..###..^..##
#.##.>........<..####
#.###.###.#####.....# #.#
#.# # #.###.# #.# #.# #.#
# #.# #.# #.#####.###.#
#.# #.# #...........#


You could see a wyvern (extremely poisoned), an iguana and an orc.

Vanquished Creatures
  A bombardier beetle (D:4)
  A hound (D:4)
  An iguana (D:4)
  2 orc wizards (D:3)
  2 adders
  2 dart slugs (D:1)
  A ribbon worm (D:2)
  8 orcs (D:3)
  6 ball pythons
  3 bats
  8 endoplasms
  13 giant cockroaches
  8 goblins
  7 hobgoblins
  5 jackals
  8 kobolds
  A quokka (D:1)
  2 frilled lizards (D:1)
  11 rats
90 creatures vanquished.

Notes
Turn   | Place    | Note
-------+----------+-------------------------------------------
     0 | D:1      | Gadfly the Demonspawn Monk began the quest for the Orb.
     0 | D:1      | Reached XP level 1. HP: 18/18 MP: 1/1
    56 | D:1      | Found a faded altar of an unknown god.
   115 | D:1      | Discovered your monstrous ancestry.
   115 | D:1      | Gained mutation: You have large cloven feet. [demonic
                  | ancestry]
   115 | D:1      | Reached XP level 2. HP: 18/24 MP: 2/2
   147 | D:1      | Reached skill level 1 in Evocations
   306 | D:1      | Reached skill level 1 in Shapeshifting
   372 | D:1      | Gained mutation: A meltable shield of frost defends you.
                  | (SH +4) [demonic ancestry]
   372 | D:1      | Reached XP level 3. HP: 28/29 MP: 3/3
  1319 | D:2      | Gained mutation: You have hoof-like feet. [demonic
                  | ancestry]
  1319 | D:2      | Reached XP level 4. HP: 35/35 MP: 4/4
  2391 | D:3      | Gained mutation: You have a pair of small horns on your
                  | head. [demonic ancestry]
  2391 | D:3      | Reached XP level 5. HP: 41/41 MP: 5/5
  2679 | D:4      | Identified the +5 dagger "Ujal" {vamp, ^Contam rF+ MP+9
                  | Int+2}
  2933 | D:4      | Noticed a wyvern
  2940 | D:4      | Slain by a wyvern

Illustrated notes

Levels and vault maps discovered:
D:1:      psy_arrival_conway, layout_loops_ring,
          dreamdust_ecumenical_altar_grove
D:2:      minmay_roachtagon, layout_loops_ring, minmay_puff
D:3:      layout_loops_ring
D:4:      layout_loops_ring, lemuel_round_altar, nzn_wu_jian_council_hall

Skill      XL: |  1  2  3  4  5 |
---------------+----------------+-----
Evocations     | 1 2 3 |  3.3
Shapeshifting  | 1 2 |  2.5
Dodging        | 3 |  3.4
Unarmed Combat | 3 |  3.4
Fighting       | |  3.0

Action                     |  1- 3 |  4- 6 || total
---------------------------+-------+-------++-------
  Melee: Unarmed           |    98 |    42 ||   140
         Kick              |    14 |    51 ||    65
         Dagger            |       |    72 ||    72
         Headbutt          |       |     6 ||     6
    Use: Scroll            |     4 |     3 ||     7
 Armour: Robe              |    32 |    65 ||    97
  Dodge: Dodged            |    52 |    83 ||   135
